 Dungeon Crawl Stone Soup version 0.17-a0-555-g23c20b2 (webtiles) character file.

6643 DEFE the Covert (level 11, -7/68 HPs)
             Began as a Kobold Wizard on Apr 14, 2015.
             Was a Priest of Cheibriados.
             Killed from afar by a gargoyle (29 damage)
             ... with a stone arrow
             ... on level 11 of the Dungeon.
             The game lasted 00:30:35 (9853 turns).

DEFE the Covert (Kobold Wizard)                     Turns: 9853, Time: 00:30:35

Health: -7/68      AC:  7    Str: 20    XL:     11   Next: 22%
Magic:  21/21      EV: 28    Int: 27    God:    Cheibriados [***...]
Gold:   319        SH:  0    Dex: 31    Spells: 3 memorised, 18 levels left

rFire  . . .     SeeInvis +     C - +3 whip (elec)
rCold  . . .     Clarity  .     y - +0 scale mail of the Tundras {Str+6 Dex+3} (curse)
rNeg   . . .     SustAb   .     (shield restricted)
rPois  +         Gourm    .     p - +0 helmet
rElec  .         Spirit   .     (no cloak)
rCorr  .         Warding  .     (no gloves)
rMut   .         Stasis   .     (no boots)
MR     .....                    s - amulet of regeneration
Stlth  ++++++....               G - ring of poison resistance
                                L - ring of see invisible

@: agile, about to teleport, very slow, not resistant to hostile enchantments,
very stealthy
A: carnivore 3
a: Bend Time, Temporal Distortion, Renounce Religion


You were on level 11 of the Dungeon.
You worshipped Cheibriados.
Cheibriados was most pleased with you.
You were full.

You visited 2 branches of the dungeon, and saw 12 of its levels.
You also visited: Sewer.

You collected 569 gold pieces.
You spent 250 gold pieces at shops.

Inventory:

Hand weapons
 e - a +0 club
 k - a +0 dagger
 m - a +2 dagger of holy wrath
 C - a +3 whip of electrocution (weapon)
 E - a +5 blowgun
 F - a +2 dagger of protection
 H - a +2 dagger of venom
Missiles
 z - 4 poisoned tomahawks (quivered)
 S - 4 curare-tipped needles
Armour
 a - a +0 robe
 b - a +0 hat
 p - a +0 helmet (worn)
 y - the cursed +0 scale mail of the Tundras (worn) {Str+6 Dex+3}
   (You took it off a gnoll on level 7 of the Dungeon)

   It affects your strength (+6).
   It affects your dexterity (+3).
   It has a curse placed upon it.
Magical staves
 v - an uncursed staff of wizardry
Jewellery
 s - an amulet of regeneration (around neck)
 G - a ring of poison resistance (right hand)
 L - a ring of see invisible (left hand)
 M - the amulet "Yniar" {Faith rC+ Str+3 Dex+3}
   (You bought it in a shop on level 6 of the Dungeon)

   [amulet of faith]

   It allows you to gain divine favour quickly.
   It affects your strength (+3).
   It affects your dexterity (+3).
   It protects you from cold.
 O - an uncursed ring of protection from cold
Magical devices
 P - a wand of slowing (23)
 T - a wand of fire (0)
Scrolls
 h - a scroll of fog
 i - a scroll of teleportation
 n - a scroll of enchant weapon
 o - 2 scrolls of random uselessness {unknown}
 q - a scroll of immolation
 A - 6 scrolls of remove curse
 R - 2 scrolls of blinking
 U - a scroll of magic mapping
 X - a scroll of recharging
Potions
 f - a potion of resistance {unknown}
 g - 2 potions of restore abilities
 j - a potion of brilliance
 l - 3 potions of flight
 r - 8 potions of curing
 t - 2 potions of might {unknown}
 u - 2 potions of degeneration {unknown}
 w - a potion of heal wounds {unknown}
 D - a potion of berserk rage
 K - a potion of haste
 V - a potion of lignification {unknown}
 W - a potion of cancellation
 Y - a potion of magic {unknown}
Books
 c - a book of Minor Magic

   Spells                             Type                      Level
   a - Magic Dart                     Conjuration                  1
   b - Blink                          Translocation                2
   c - Call Imp                       Summoning                    2
   d - Repel Missiles                 Charms/Air                   2
   e - Slow                           Hexes                        2
   f - Conjure Flame                  Conjuration/Fire             3
   g - Mephitic Cloud                 Conjuration/Poison/Air       3
 x - a book of Cantrips

   Spells                             Type                      Level
   a - Corona                         Hexes                        1
   b - Animate Skeleton               Necromancy                   1
   c - Summon Small Mammal            Summoning                    1
   d - Apportation                    Translocation                1
 N - a book of Alchemy

   Spells                             Type                      Level
   a - Sublimation of Blood           Necromancy                   2
   b - Alistair's Intoxication        Transmutation/Poison         4
   c - Condensation Shield            Ice                          4
   d - Petrify                        Transmutation/Earth          4
   e - Ignite Poison                  Fire/Transmutation           5
   f - Irradiate                      Conjuration/Transmutation    5
Comestibles
 d - 4 meat rations
 I - 3 slices of pizza
 J - 2 beef jerkies
 Q - a royal jelly


   Skills:
 + Level 8.0 Fighting
 + Level 5.5 Maces & Flails
 + Level 2.6 Armour
 + Level 9.3 Dodging
 - Level 10.7 Stealth
 + Level 7.2 Spellcasting
 + Level 6.6 Conjurations
   Level 1.0 Summonings
 - Level 1.0 Translocations
 - Level 1.0 Air Magic
 - Level 1.0 Poison Magic
 + Level 1.2 Invocations


You had 18 spell levels left.
You knew the following spells:

 Your Spells              Type           Power        Failure   Level  Hunger
a - Magic Dart            Conj           ####         1%          1    None
b - Mephitic Cloud        Conj/Pois/Air  ####....     17%         3    None
c - Blink                 Tloc           N/A          17%         2    None


Dungeon Overview and Level Annotations

Branches:
Dungeon (11/15)            Temple (1/1) D:6            Lair (0/8) D:10
    Orc: D:9-12

Altars:
Ashenzari
Cheibriados
Dithmenos
Elyvilon
Fedhas
Gozag
Kikubaaqudgha
Makhleb
Nemelex Xobeh
Okawaru
Qazlal
Ru
Sif Muna
Trog
Vehumet
Xom
Yredelemnul
Zin
The Shining One

Shops:
D:4 (   D:6 =*%*


Innate Abilities, Weirdness & Mutations

You are small and have problems with some larger weapons.
You are carnivorous and can eat meat at any time.


Message History

You hit the gargoyle.
The gargoyle is moderately damaged.
The gargoyle hits you with a mace!
You hit the gargoyle but do no damage.
The gargoyle is lightly damaged.
The gargoyle completely misses you.
Drink which item? (? for menu, Esc to quit)
You feel agile all of a sudden. The gargoyle closely misses you.
You hit the gargoyle but do no damage.
The gargoyle is lightly damaged.
You hit the gargoyle but do no damage.
The gargoyle is lightly damaged.
The gargoyle hits you with a mace!
Read which item? (? for menu, Esc to quit)
As you read the scroll of teleportation, it crumbles to dust.
You feel strangely unstable.
The gargoyle hurls a stone arrow at you.
The stone arrow hits you!
You die...

### ##..## ####
##....## ###..##
#...9..##
##.....##
#@..####..###..###
##...#...## ###..#
#......## ##..
#......# ###
#..##..# #..##..#
#.....)# #......#
##.....#


You could see a gargoyle.

Vanquished Creatures
  Pikel (D:7)
  A gargoyle (D:10)
  A troll (D:11)
  A spriggan (D:10)
  6 yaks (D:10)
  A hippogriff (D:10)
  A warg (D:8)
  2 ogres
  2 orc warriors
  2 ice beasts (D:10)
  A black bear (D:7)
  2 necrophages
  A phantom (D:10)
  2 sky beasts
  5 centaurs
  2 big kobolds
  4 giant frogs
  A gnoll sergeant (D:10)
  2 scorpions
  2 wights (D:7)
  6 killer bees
  A goliath beetle (D:7)
  3 crimson imps
  3 orc priests
  A centaur zombie (D:5)
  6 hounds
  A jelly (D:8)
  9 orc wizards
  An iguana (D:8)
  4 worker ants
  2 hound skeletons
  A worker ant zombie (D:8)
  13 gnolls
  12 adders
  A river rat (Sewer)
  A shadow imp (D:5)
  A worm (D:4)
  9 giant geckos
  An ooze (D:2)
  29 orcs
  A bat zombie (D:6)
  13 goblins
  15 hobgoblins
  2 jackals (Sewer)
  2 quokkas
  2 ball pythons
  12 bats
  7 giant cockroaches
  A giant gecko skeleton (D:5)
  A giant gecko zombie (D:6)
  2 giant newts
  A giant spore (D:6)
  A jackal skeleton (D:4)
  21 kobolds
  14 rats
  A ballistomycete (D:6)
241 creatures vanquished.

Vanquished Creatures (others)
  A slave (D:10)
  A centaur (D:11)
  A wight (D:7)
  A worker ant (D:10)
  A rat (D:10)
5 creatures vanquished.

Grand Total: 246 creatures vanquished

Notes
Turn   | Place    | Note
--------------------------------------------------------------
     0 | D:1      | DEFE, the Kobold Wizard, began the quest for the Orb.
     0 | D:1      | Reached XP level 1. HP: 10/10 MP: 4/4
    20 | D:1      | Reached skill level 1 in Conjurations
   223 | D:1      | Reached XP level 2. HP: 15/15 MP: 4/6
   964 | D:2      | Reached XP level 3. HP: 12/20 MP: 0/7
  1357 | D:2      | Reached skill level 1 in Fighting
  1799 | D:2      | Reached XP level 4. HP: 23/25 MP: 3/8
  1846 | D:2      | Reached skill level 4 in Stealth
  1863 | D:2      | Learned a level 3 spell: Mephitic Cloud
  2504 | D:3      | Noticed a sky beast
  2521 | D:3      | Killed a sky beast
  2521 | D:3      | Reached skill level 1 in Air Magic
  2521 | D:3      | Reached XP level 5. HP: 12/30 MP: 5/10
  2729 | D:3      | Reached skill level 1 in Poison Magic
  2786 | D:3      | Found a deep blue altar of Sif Muna.
  2791 | D:3      | Found a sacrificial altar of Ru.
  2793 | D:3      | Found a radiant altar of Vehumet.
  2819 | D:3      | Found a bloodstained altar of Trog.
  3034 | D:4      | Reached XP level 6. HP: 35/35 MP: 11/11
  3228 | D:4      | Found Wuodou's Antique Weapon Shop.
  3238 | D:4      | Bought a runed blowgun for 55 gold pieces
  3238 | D:4      | Bought a runed dagger for 44 gold pieces
  3373 | D:4      | Found a glowing drain.
  3399 | Sewer    | Entered a sewer
  3811 | Sewer    | Reached skill level 5 in Stealth
  3836 | Sewer    | Found a glowing silver altar of Zin.
  4184 | D:4      | Reached XP level 7. HP: 38/40 MP: 8/12
  4510 | D:4      | Noticed an ogre
  4526 | D:4      | Killed an ogre
  4647 | D:5      | Entered Level 5 of the Dungeon
  4943 | D:5      | Found a white marble altar of Elyvilon.
  5296 | D:6      | Reached skill level 6 in Stealth
  5319 | D:6      | Found a staircase to the Ecumenical Temple.
  5328 | D:6      | Reached XP level 8. HP: 41/46 MP: 8/14
  5345 | Temple   | Entered the Ecumenical Temple
  5418 | D:6      | Reached skill level 5 in Dodging
  5479 | D:6      | Found Vugoul's Jewellery Emporium.
  5520 | D:6      | Found Sicynoap's Food Emporium.
  5998 | D:6      | Found Uczuirus's Assorted Antiques.
  6001 | D:6      | Bought a scintillating crystal amulet for 110 gold pieces
  6001 | D:6      | Bought a scroll labeled PUVVUACWAM for 22 gold pieces
  6008 | D:6      | Identified the amulet "Yniar" {Faith rC+ Str+3 Dex+3} (You bought it in a shop on level 6 of the Dungeon)
  6016 | D:6      | Bought a smoky coppery potion for 19 gold pieces
  6035 | D:6      | Found Satenkas's Assorted Antiques.
  6208 | D:7      | Reached skill level 7 in Fighting
  6208 | D:7      | Reached skill level 8 in Dodging
  6208 | D:7      | Reached skill level 9 in Stealth
  6208 | D:7      | Reached skill level 5 in Conjurations
  6208 | D:7      | Reached XP level 9. HP: 51/57 MP: 13/18
  6353 | D:7      | Learned a level 2 spell: Blink
  6353 | D:7      | Found a shimmering altar of Xom.
  6357 | D:7      | Found a blossoming altar of Fedhas.
  6360 | D:7      | Found an iron altar of Okawaru.
  6363 | D:7      | Found a glowing silver altar of Zin.
  6392 | D:7      | Found a burning altar of Makhleb.
  6461 | D:7      | Got a faintly humming scale mail
  6473 | D:7      | Identified the cursed +0 scale mail of the Tundras {Str+6 Dex+3} (You took it off a gnoll on level 7 of the Dungeon)
  6670 | D:7      | Found a snail-covered altar of Cheibriados.
  6686 | D:7      | Became a worshipper of Cheibriados the Contemplative
  6694 | D:7      | Noticed Pikel
  6715 | D:7      | Killed Pikel
  6715 | D:7      | Reached skill level 10 in Stealth
  6924 | D:7      | Reached XP level 10. HP: 63/63 MP: 20/20
  6988 | D:7      | Found a snail-covered altar of Cheibriados.
  7002 | D:7      | Reached skill level 1 in Armour
  7223 | D:8      | Acquired Cheibriados's first power
  7516 | D:8      | Found a stormy altar of Qazlal.
  7722 | D:8      | Found a staircase to the Lair.
  7768 | D:8      | Reached skill level 5 in Maces & Flails
  8964 | D:10     | Entered Level 10 of the Dungeon
  9189 | D:10     | Found a staircase to the Lair.
  9206 | D:10     | Acquired Cheibriados's second power
  9321 | D:10     | Noticed a gargoyle
  9393 | D:10     | Reached XP level 11. HP: 58/68 MP: 21/21
  9512 | D:10     | Killed a gargoyle
  9733 | D:11     | Reached skill level 1 in Invocations
  9853 | D:11     | Killed from afar by a gargoyle

Action                   |  1- 3 |  4- 6 |  7- 9 | 10-12 || total
-------------------------+-------+-------+-------+-------++-------
Melee: Club              |     9 |       |       |       ||     9
       Dagger            |    32 |    89 |       |       ||   121
       Whip              |       |    59 |   182 |   336 ||   577
 Cast: Magic Dart        |    37 |    57 |    21 |    13 ||   128
       Mephitic Cloud    |       |     6 |    13 |    16 ||    35
Evoke: Wand              |       |       |       |     1 ||     1
  Use: Scroll            |       |     2 |     9 |     8 ||    19
       Potion            |       |       |     1 |     2 ||     3
 Stab: Sleeping          |     3 |    10 |     5 |    13 ||    31
       Confused          |       |     1 |    10 |    12 ||    23
       Distracted        |       |       |       |     1 ||     1
       Invisible         |       |       |       |    11 ||    11
  Eat: Chunk             |     4 |    12 |    14 |     5 ||    35
